Workbook

Sheet Summary
A1: HVAC Rooftop Unit Replacement Estimate
A3: Estimate Reference | D3: Pricing Indicators | G3: Assumption Snapshot
A4: Customer | B4: =IF('Estimate Lines'!$C$3="","",'Estimate Lines'!$C$3) | D4: Included Estimate | E4: =IF(COUNTIF('Estimate Lines'!$K$10:$K$129,"Included")=0,"",IFERROR(SUMIF('Estimate Lines'!$K$10:$K$129,"Included",'Estimate Lines'!$N$10:$N$129),"")) | G4: Default Labor Rate | H4: =Assumptions!$B$4
A5: Job | B5: =IF('Estimate Lines'!$G$3="","",'Estimate Lines'!$G$3) | D5: Optional Estimate | E5: =IF(COUNTIF('Estimate Lines'!$K$10:$K$129,"Optional")=0,"",IFERROR(SUMIF('Estimate Lines'!$K$10:$K$129,"Optional",'Estimate Lines'!$N$10:$N$129),"")) | G5: Default Markup | H5: =Assumptions!$B$5
A6: Equipment | B6: =IF('Estimate Lines'!$C$5="","",'Estimate Lines'!$C$5) | D6: Needs-Review Estimate | E6: =IF(COUNTIF('Estimate Lines'!$K$10:$K$129,"Needs Review")=0,"",IFERROR(SUMIF('Estimate Lines'!$K$10:$K$129,"Needs Review",'Estimate Lines'!$N$10:$N$129),"")) | G6: Line Price Review Level | H6: =Assumptions!$B$6
A7: Estimate Date | B7: =IF('Estimate Lines'!$G$4="","",'Estimate Lines'!$G$4) | D7: Included Direct Cost | E7: =IF($E$4="","",IFERROR(SUMIF('Estimate Lines'!$K$10:$K$129,"Included",'Estimate Lines'!$L$10:$L$129)+SUMIF('Estimate Lines'!$K$10:$K$129,"Included",'Estimate Lines'!$M$10:$M$129),"")) | G7: Maximum Planned Markup | H7: =Assumptions!$B$7
A8: Prepared By | B8: =IF('Estimate Lines'!$G$5="","",'Estimate Lines'!$G$5) | D8: Included Gross Margin | E8: =IF(OR($E$4="",$E$7=""),"",IFERROR($E$4-$E$7,"")) | G8: Maximum Line Quantity | H8: =Assumptions!$B$8
A9: Estimate Reference | B9: =IF('Estimate Lines'!$C$6="","",'Estimate Lines'!$C$6) | D9: Included Margin Percent | E9: =IF(OR($E$4="",$E$8=""),"",IFERROR($E$8/$E$4,"")) | G9: Maximum Labor Hours | H9: =Assumptions!$B$9
D10: Labor Hours Entered | E10: =IF(COUNT('Estimate Lines'!$G$10:$G$129)=0,"",IFERROR(SUM('Estimate Lines'!$G$10:$G$129),""))
D11: Lines Entered | E11: =IF(COUNTA('Estimate Lines'!$C$10:$C$129)=0,"",COUNTA('Estimate Lines'!$C$10:$C$129)) | G11: Edit Location | H11: Assumptions sheet
D12: Lines Flagged for Check | E12: =IF($E$11="","",COUNTIF('Estimate Lines'!$O$10:$O$129,"Check*"))
A15: Category | B15: Included Price | C15: Optional Price
A16: Equipment | B16: =IF(COUNTIFS('Estimate Lines'!$B$10:$B$129,$A16,'Estimate Lines'!$K$10:$K$129,"Included")=0,"",IFERROR(SUMIFS('Estimate Lines'!$N$10:$N$129,'Estimate Lines'!$B$10:$B$129,$A16,'Estimate Lines'!$K$10:$K$129,"Included"),"")) | C16: =IF(COUNTIFS('Estimate Lines'!$B$10:$B$129,$A16,'Estimate Lines'!$K$10:$K$129,"Optional")=0,"",IFERROR(SUMIFS('Estimate Lines'!$N$10:$N$129,'Estimate Lines'!$B$10:$B$129,$A16,'Estimate Lines'!$K$10:$K$129,"Optional"),""))
A17: Crane | B17: =IF(COUNTIFS('Estimate Lines'!$B$10:$B$129,$A17,'Estimate Lines'!$K$10:$K$129,"Included")=0,"",IFERROR(SUMIFS('Estimate Lines'!$N$10:$N$129,'Estimate Lines'!$B$10:$B$129,$A17,'Estimate Lines'!$K$10:$K$129,"Included"),"")) | C17: =IF(COUNTIFS('Estimate Lines'!$B$10:$B$129,$A17,'Estimate Lines'!$K$10:$K$129,"Optional")=0,"",IFERROR(SUMIFS('Estimate Lines'!$N$10:$N$129,'Estimate Lines'!$B$10:$B$129,$A17,'Estimate Lines'!$K$10:$K$129,"Optional"),""))
A18: Curb | B18: =IF(COUNTIFS('Estimate Lines'!$B$10:$B$129,$A18,'Estimate Lines'!$K$10:$K$129,"Included")=0,"",IFERROR(SUMIFS('Estimate Lines'!$N$10:$N$129,'Estimate Lines'!$B$10:$B$129,$A18,'Estimate Lines'!$K$10:$K$129,"Included"),"")) | C18: =IF(COUNTIFS('Estimate Lines'!$B$10:$B$129,$A18,'Estimate Lines'!$K$10:$K$129,"Optional")=0,"",IFERROR(SUMIFS('Estimate Lines'!$N$10:$N$129,'Estimate Lines'!$B$10:$B$129,$A18,'Estimate Lines'!$K$10:$K$129,"Optional"),""))
A19: Controls | B19: =IF(COUNTIFS('Estimate Lines'!$B$10:$B$129,$A19,'Estimate Lines'!$K$10:$K$129,"Included")=0,"",IFERROR(SUMIFS('Estimate Lines'!$N$10:$N$129,'Estimate Lines'!$B$10:$B$129,$A19,'Estimate Lines'!$K$10:$K$129,"Included"),"")) | C19: =IF(COUNTIFS('Estimate Lines'!$B$10:$B$129,$A19,'Estimate Lines'!$K$10:$K$129,"Optional")=0,"",IFERROR(SUMIFS('Estimate Lines'!$N$10:$N$129,'Estimate Lines'!$B$10:$B$129,$A19,'Estimate Lines'!$K$10:$K$129,"Optional"),""))
A20: Labor | B20: =IF(COUNTIFS('Estimate Lines'!$B$10:$B$129,$A20,'Estimate Lines'!$K$10:$K$129,"Included")=0,"",IFERROR(SUMIFS('Estimate Lines'!$N$10:$N$129,'Estimate Lines'!$B$10:$B$129,$A20,'Estimate Lines'!$K$10:$K$129,"Included"),"")) | C20: =IF(COUNTIFS('Estimate Lines'!$B$10:$B$129,$A20,'Estimate Lines'!$K$10:$K$129,"Optional")=0,"",IFERROR(SUMIFS('Estimate Lines'!$N$10:$N$129,'Estimate Lines'!$B$10:$B$129,$A20,'Estimate Lines'!$K$10:$K$129,"Optional"),""))
A21: Disposal | B21: =IF(COUNTIFS('Estimate Lines'!$B$10:$B$129,$A21,'Estimate Lines'!$K$10:$K$129,"Included")=0,"",IFERROR(SUMIFS('Estimate Lines'!$N$10:$N$129,'Estimate Lines'!$B$10:$B$129,$A21,'Estimate Lines'!$K$10:$K$129,"Included"),"")) | C21: =IF(COUNTIFS('Estimate Lines'!$B$10:$B$129,$A21,'Estimate Lines'!$K$10:$K$129,"Optional")=0,"",IFERROR(SUMIFS('Estimate Lines'!$N$10:$N$129,'Estimate Lines'!$B$10:$B$129,$A21,'Estimate Lines'!$K$10:$K$129,"Optional"),""))
A22: Electrical | B22: =IF(COUNTIFS('Estimate Lines'!$B$10:$B$129,$A22,'Estimate Lines'!$K$10:$K$129,"Included")=0,"",IFERROR(SUMIFS('Estimate Lines'!$N$10:$N$129,'Estimate Lines'!$B$10:$B$129,$A22,'Estimate Lines'!$K$10:$K$129,"Included"),"")) | C22: =IF(COUNTIFS('Estimate Lines'!$B$10:$B$129,$A22,'Estimate Lines'!$K$10:$K$129,"Optional")=0,"",IFERROR(SUMIFS('Estimate Lines'!$N$10:$N$129,'Estimate Lines'!$B$10:$B$129,$A22,'Estimate Lines'!$K$10:$K$129,"Optional"),""))
A23: Roofing | B23: =IF(COUNTIFS('Estimate Lines'!$B$10:$B$129,$A23,'Estimate Lines'!$K$10:$K$129,"Included")=0,"",IFERROR(SUMIFS('Estimate Lines'!$N$10:$N$129,'Estimate Lines'!$B$10:$B$129,$A23,'Estimate Lines'!$K$10:$K$129,"Included"),"")) | C23: =IF(COUNTIFS('Estimate Lines'!$B$10:$B$129,$A23,'Estimate Lines'!$K$10:$K$129,"Optional")=0,"",IFERROR(SUMIFS('Estimate Lines'!$N$10:$N$129,'Estimate Lines'!$B$10:$B$129,$A23,'Estimate Lines'!$K$10:$K$129,"Optional"),""))
A24: Freight | B24: =IF(COUNTIFS('Estimate Lines'!$B$10:$B$129,$A24,'Estimate Lines'!$K$10:$K$129,"Included")=0,"",IFERROR(SUMIFS('Estimate Lines'!$N$10:$N$129,'Estimate Lines'!$B$10:$B$129,$A24,'Estimate Lines'!$K$10:$K$129,"Included"),"")) | C24: =IF(COUNTIFS('Estimate Lines'!$B$10:$B$129,$A24,'Estimate Lines'!$K$10:$K$129,"Optional")=0,"",IFERROR(SUMIFS('Estimate Lines'!$N$10:$N$129,'Estimate Lines'!$B$10:$B$129,$A24,'Estimate Lines'!$K$10:$K$129,"Optional"),""))
A25: Other | B25: =IF(COUNTIFS('Estimate Lines'!$B$10:$B$129,$A25,'Estimate Lines'!$K$10:$K$129,"Included")=0,"",IFERROR(SUMIFS('Estimate Lines'!$N$10:$N$129,'Estimate Lines'!$B$10:$B$129,$A25,'Estimate Lines'!$K$10:$K$129,"Included"),"")) | C25: =IF(COUNTIFS('Estimate Lines'!$B$10:$B$129,$A25,'Estimate Lines'!$K$10:$K$129,"Optional")=0,"",IFERROR(SUMIFS('Estimate Lines'!$N$10:$N$129,'Estimate Lines'!$B$10:$B$129,$A25,'Estimate Lines'!$K$10:$K$129,"Optional"),""))
A28: Review Note | B28: This fictional planning estimate uses editable assumptions and entered line items. Confirm scope, site conditions, crane access, equipment selection, and pricing before use.

Sheet Estimate Lines
A1: Estimate Lines — Fictional Rooftop Unit Replacement
A3: Customer | C3: Fictional Bluebird Community Market | E3: Job | G3: Fictional RTU Replacement
A4: Site | C4: Fictional Example Plaza, Sampletown, Colorado — not a real site | E4: Estimate Date | G4: 46276
A5: Equipment | C5: Fictional RTU-A sample asset, 7.5 tons | E5: Prepared By | G5: Jordan Example — fictional technician
A6: Estimate Reference | C6: FICTIONAL-RTU-001
C7: Orange cells are editable. All examples are fictional planning inputs and require field review.
A9: Line | B9: Category | C9: Description | D9: Quantity | E9: Unit | F9: Unit Cost | G9: Labor Hours | H9: Labor Rate | I9: Markup | J9: Responsibility | K9: Status | L9: Material Cost | M9: Labor Cost | N9: Estimated Price | O9: Human Check
A10: =IF($C10="","",ROW()-9) | B10: Equipment | C10: Packaged 7.5-ton rooftop unit allowance — fictional model | D10: 1 | E10: each | F10: 18500 | J10: Contractor | K10: Included | L10: =IF($C10="","",IF(OR($D10="",$F10=""),"",IFERROR($D10*$F10,""))) | M10: =IF($C10="","",IF($G10="","",IFERROR($G10*IF($H10="",Assumptions!$B$4,$H10),""))) | N10: =IF(OR($C10="",$K10="",$K10="Excluded",AND($L10="",$M10="")),"",IFERROR((IF($L10="",0,$L10)+IF($M10="",0,$M10))*(1+IF($I10="",Assumptions!$B$5,$I10)),"")) | O10: =IF($C10="","",IF($K10="","Check status",IF($J10="","Check responsibility",IF($K10="Excluded","Excluded",IF($K10="Needs Review","Check status review",IF($J10="Verify","Check responsibility",IF(OR(AND($D10="",$F10<>""),AND($D10<>"",$F10=""),AND($G10="",$H10<>""),AND($D10="",$F10="",$G10="")),"Check cost or labor",IF($I10>Assumptions!$B$7,"Check markup",IF($N10>Assumptions!$B$6,"Check line price","Entered")))))))))
A11: =IF($C11="","",ROW()-9) | B11: Crane | C11: Mobile crane service and lift coordination allowance | D11: 1 | E11: day | F11: 3600 | I11: 0.2 | J11: Contractor | K11: Included | L11: =IF($C11="","",IF(OR($D11="",$F11=""),"",IFERROR($D11*$F11,""))) | M11: =IF($C11="","",IF($G11="","",IFERROR($G11*IF($H11="",Assumptions!$B$4,$H11),""))) | N11: =IF(OR($C11="",$K11="",$K11="Excluded",AND($L11="",$M11="")),"",IFERROR((IF($L11="",0,$L11)+IF($M11="",0,$M11))*(1+IF($I11="",Assumptions!$B$5,$I11)),"")) | O11: =IF($C11="","",IF($K11="","Check status",IF($J11="","Check responsibility",IF($K11="Excluded","Excluded",IF($K11="Needs Review","Check status review",IF($J11="Verify","Check responsibility",IF(OR(AND($D11="",$F11<>""),AND($D11<>"",$F11=""),AND($G11="",$H11<>""),AND($D11="",$F11="",$G11="")),"Check cost or labor",IF($I11>Assumptions!$B$7,"Check markup",IF($N11>Assumptions!$B$6,"Check line price","Entered")))))))))
A12: =IF($C12="","",ROW()-9) | B12: Curb | C12: Custom curb adapter allowance | D12: 1 | E12: each | F12: 2700 | G12: 4 | J12: Contractor | K12: Included | L12: =IF($C12="","",IF(OR($D12="",$F12=""),"",IFERROR($D12*$F12,""))) | M12: =IF($C12="","",IF($G12="","",IFERROR($G12*IF($H12="",Assumptions!$B$4,$H12),""))) | N12: =IF(OR($C12="",$K12="",$K12="Excluded",AND($L12="",$M12="")),"",IFERROR((IF($L12="",0,$L12)+IF($M12="",0,$M12))*(1+IF($I12="",Assumptions!$B$5,$I12)),"")) | O12: =IF($C12="","",IF($K12="","Check status",IF($J12="","Check responsibility",IF($K12="Excluded","Excluded",IF($K12="Needs Review","Check status review",IF($J12="Verify","Check responsibility",IF(OR(AND($D12="",$F12<>""),AND($D12<>"",$F12=""),AND($G12="",$H12<>""),AND($D12="",$F12="",$G12="")),"Check cost or labor",IF($I12>Assumptions!$B$7,"Check markup",IF($N12>Assumptions!$B$6,"Check line price","Entered")))))))))
A13: =IF($C13="","",ROW()-9) | B13: Controls | C13: Thermostat and control tie-in allowance | D13: 1 | E13: lot | F13: 950 | G13: 6 | H13: 120 | I13: 0.2 | J13: Contractor | K13: Included | L13: =IF($C13="","",IF(OR($D13="",$F13=""),"",IFERROR($D13*$F13,""))) | M13: =IF($C13="","",IF($G13="","",IFERROR($G13*IF($H13="",Assumptions!$B$4,$H13),""))) | N13: =IF(OR($C13="",$K13="",$K13="Excluded",AND($L13="",$M13="")),"",IFERROR((IF($L13="",0,$L13)+IF($M13="",0,$M13))*(1+IF($I13="",Assumptions!$B$5,$I13)),"")) | O13: =IF($C13="","",IF($K13="","Check status",IF($J13="","Check responsibility",IF($K13="Excluded","Excluded",IF($K13="Needs Review","Check status review",IF($J13="Verify","Check responsibility",IF(OR(AND($D13="",$F13<>""),AND($D13<>"",$F13=""),AND($G13="",$H13<>""),AND($D13="",$F13="",$G13="")),"Check cost or labor",IF($I13>Assumptions!$B$7,"Check markup",IF($N13>Assumptions!$B$6,"Check line price","Entered")))))))))
A14: =IF($C14="","",ROW()-9) | B14: Labor | C14: Removal and installation field labor | D14: 1 | E14: lot | F14: 0 | G14: 36 | J14: Contractor | K14: Included | L14: =IF($C14="","",IF(OR($D14="",$F14=""),"",IFERROR($D14*$F14,""))) | M14: =IF($C14="","",IF($G14="","",IFERROR($G14*IF($H14="",Assumptions!$B$4,$H14),""))) | N14: =IF(OR($C14="",$K14="",$K14="Excluded",AND($L14="",$M14="")),"",IFERROR((IF($L14="",0,$L14)+IF($M14="",0,$M14))*(1+IF($I14="",Assumptions!$B$5,$I14)),"")) | O14: =IF($C14="","",IF($K14="","Check status",IF($J14="","Check responsibility",IF($K14="Excluded","Excluded",IF($K14="Needs Review","Check status review",IF($J14="Verify","Check responsibility",IF(OR(AND($D14="",$F14<>""),AND($D14<>"",$F14=""),AND($G14="",$H14<>""),AND($D14="",$F14="",$G14="")),"Check cost or labor",IF($I14>Assumptions!$B$7,"Check markup",IF($N14>Assumptions!$B$6,"Check line price","Entered")))))))))
A15: =IF($C15="","",ROW()-9) | B15: Disposal | C15: Recovery, hauling, and disposal allowance for removed unit | D15: 1 | E15: lot | F15: 1200 | G15: 4 | I15: 0.2 | J15: Contractor | K15: Included | L15: =IF($C15="","",IF(OR($D15="",$F15=""),"",IFERROR($D15*$F15,""))) | M15: =IF($C15="","",IF($G15="","",IFERROR($G15*IF($H15="",Assumptions!$B$4,$H15),""))) | N15: =IF(OR($C15="",$K15="",$K15="Excluded",AND($L15="",$M15="")),"",IFERROR((IF($L15="",0,$L15)+IF($M15="",0,$M15))*(1+IF($I15="",Assumptions!$B$5,$I15)),"")) | O15: =IF($C15="","",IF($K15="","Check status",IF($J15="","Check responsibility",IF($K15="Excluded","Excluded",IF($K15="Needs Review","Check status review",IF($J15="Verify","Check responsibility",IF(OR(AND($D15="",$F15<>""),AND($D15<>"",$F15=""),AND($G15="",$H15<>""),AND($D15="",$F15="",$G15="")),"Check cost or labor",IF($I15>Assumptions!$B$7,"Check markup",IF($N15>Assumptions!$B$6,"Check line price","Entered")))))))))
A16: =IF($C16="","",ROW()-9) | B16: Electrical | C16: Electrical reconnect allowance; verify existing conditions | D16: 1 | E16: allowance | F16: 1900 | G16: 8 | H16: 125 | I16: 0.2 | J16: Verify | K16: Needs Review | L16: =IF($C16="","",IF(OR($D16="",$F16=""),"",IFERROR($D16*$F16,""))) | M16: =IF($C16="","",IF($G16="","",IFERROR($G16*IF($H16="",Assumptions!$B$4,$H16),""))) | N16: =IF(OR($C16="",$K16="",$K16="Excluded",AND($L16="",$M16="")),"",IFERROR((IF($L16="",0,$L16)+IF($M16="",0,$M16))*(1+IF($I16="",Assumptions!$B$5,$I16)),"")) | O16: =IF($C16="","",IF($K16="","Check status",IF($J16="","Check responsibility",IF($K16="Excluded","Excluded",IF($K16="Needs Review","Check status review",IF($J16="Verify","Check responsibility",IF(OR(AND($D16="",$F16<>""),AND($D16<>"",$F16=""),AND($G16="",$H16<>""),AND($D16="",$F16="",$G16="")),"Check cost or labor",IF($I16>Assumptions!$B$7,"Check markup",IF($N16>Assumptions!$B$6,"Check line price","Entered")))))))))
A17: =IF($C17="","",ROW()-9) | B17: Roofing | C17: Roofing and weatherproofing allowance | D17: 1 | E17: allowance | F17: 1350 | G17: 6 | J17: Allowance | K17: Included | L17: =IF($C17="","",IF(OR($D17="",$F17=""),"",IFERROR($D17*$F17,""))) | M17: =IF($C17="","",IF($G17="","",IFERROR($G17*IF($H17="",Assumptions!$B$4,$H17),""))) | N17: =IF(OR($C17="",$K17="",$K17="Excluded",AND($L17="",$M17="")),"",IFERROR((IF($L17="",0,$L17)+IF($M17="",0,$M17))*(1+IF($I17="",Assumptions!$B$5,$I17)),"")) | O17: =IF($C17="","",IF($K17="","Check status",IF($J17="","Check responsibility",IF($K17="Excluded","Excluded",IF($K17="Needs Review","Check status review",IF($J17="Verify","Check responsibility",IF(OR(AND($D17="",$F17<>""),AND($D17<>"",$F17=""),AND($G17="",$H17<>""),AND($D17="",$F17="",$G17="")),"Check cost or labor",IF($I17>Assumptions!$B$7,"Check markup",IF($N17>Assumptions!$B$6,"Check line price","Entered")))))))))
A18: =IF($C18="","",ROW()-9) | B18: Freight | C18: Freight and jobsite delivery allowance | D18: 1 | E18: trip | F18: 950 | I18: 0.15 | J18: Contractor | K18: Included | L18: =IF($C18="","",IF(OR($D18="",$F18=""),"",IFERROR($D18*$F18,""))) | M18: =IF($C18="","",IF($G18="","",IFERROR($G18*IF($H18="",Assumptions!$B$4,$H18),""))) | N18: =IF(OR($C18="",$K18="",$K18="Excluded",AND($L18="",$M18="")),"",IFERROR((IF($L18="",0,$L18)+IF($M18="",0,$M18))*(1+IF($I18="",Assumptions!$B$5,$I18)),"")) | O18: =IF($C18="","",IF($K18="","Check status",IF($J18="","Check responsibility",IF($K18="Excluded","Excluded",IF($K18="Needs Review","Check status review",IF($J18="Verify","Check responsibility",IF(OR(AND($D18="",$F18<>""),AND($D18<>"",$F18=""),AND($G18="",$H18<>""),AND($D18="",$F18="",$G18="")),"Check cost or labor",IF($I18>Assumptions!$B$7,"Check markup",IF($N18>Assumptions!$B$6,"Check line price","Entered")))))))))
A19: =IF($C19="","",ROW()-9) | B19: Labor | C19: Functional startup and basic operation check | D19: 1 | E19: lot | F19: 250 | G19: 5 | J19: Contractor | K19: Included | L19: =IF($C19="","",IF(OR($D19="",$F19=""),"",IFERROR($D19*$F19,""))) | M19: =IF($C19="","",IF($G19="","",IFERROR($G19*IF($H19="",Assumptions!$B$4,$H19),""))) | N19: =IF(OR($C19="",$K19="",$K19="Excluded",AND($L19="",$M19="")),"",IFERROR((IF($L19="",0,$L19)+IF($M19="",0,$M19))*(1+IF($I19="",Assumptions!$B$5,$I19)),"")) | O19: =IF($C19="","",IF($K19="","Check status",IF($J19="","Check responsibility",IF($K19="Excluded","Excluded",IF($K19="Needs Review","Check status review",IF($J19="Verify","Check responsibility",IF(OR(AND($D19="",$F19<>""),AND($D19<>"",$F19=""),AND($G19="",$H19<>""),AND($D19="",$F19="",$G19="")),"Check cost or labor",IF($I19>Assumptions!$B$7,"Check markup",IF($N19>Assumptions!$B$6,"Check line price","Entered")))))))))
A20: =IF($C20="","",ROW()-9) | B20: Other | C20: After-hours scheduling option | D20: 1 | E20: lot | F20: 1400 | G20: 8 | H20: 135 | I20: 0.35 | J20: Allowance | K20: Optional | L20: =IF($C20="","",IF(OR($D20="",$F20=""),"",IFERROR($D20*$F20,""))) | M20: =IF($C20="","",IF($G20="","",IFERROR($G20*IF($H20="",Assumptions!$B$4,$H20),""))) | N20: =IF(OR($C20="",$K20="",$K20="Excluded",AND($L20="",$M20="")),"",IFERROR((IF($L20="",0,$L20)+IF($M20="",0,$M20))*(1+IF($I20="",Assumptions!$B$5,$I20)),"")) | O20: =IF($C20="","",IF($K20="","Check status",IF($J20="","Check responsibility",IF($K20="Excluded","Excluded",IF($K20="Needs Review","Check status review",IF($J20="Verify","Check responsibility",IF(OR(AND($D20="",$F20<>""),AND($D20<>"",$F20=""),AND($G20="",$H20<>""),AND($D20="",$F20="",$G20="")),"Check cost or labor",IF($I20>Assumptions!$B$7,"Check markup",IF($N20>Assumptions!$B$6,"Check line price","Entered")))))))))
A21: =IF($C21="","",ROW()-9) | B21: Other | C21: Roof access repair by customer; excluded from contractor price | D21: 1 | E21: allowance | F21: 0 | I21: 0 | J21: Customer | K21: Excluded | L21: =IF($C21="","",IF(OR($D21="",$F21=""),"",IFERROR($D21*$F21,""))) | M21: =IF($C21="","",IF($G21="","",IFERROR($G21*IF($H21="",Assumptions!$B$4,$H21),""))) | N21: =IF(OR($C21="",$K21="",$K21="Excluded",AND($L21="",$M21="")),"",IFERROR((IF($L21="",0,$L21)+IF($M21="",0,$M21))*(1+IF($I21="",Assumptions!$B$5,$I21)),"")) | O21: =IF($C21="","",IF($K21="","Check status",IF($J21="","Check responsibility",IF($K21="Excluded","Excluded",IF($K21="Needs Review","Check status review",IF($J21="Verify","Check responsibility",IF(OR(AND($D21="",$F21<>""),AND($D21<>"",$F21=""),AND($G21="",$H21<>""),AND($D21="",$F21="",$G21="")),"Check cost or labor",IF($I21>Assumptions!$B$7,"Check markup",IF($N21>Assumptions!$B$6,"Check line price","Entered")))))))))
A22: =IF($C22="","",ROW()-9) | L22: =IF($C22="","",IF(OR($D22="",$F22=""),"",IFERROR($D22*$F22,""))) | M22: =IF($C22="","",IF($G22="","",IFERROR($G22*IF($H22="",Assumptions!$B$4,$H22),""))) | N22: =IF(OR($C22="",$K22="",$K22="Excluded",AND($L22="",$M22="")),"",IFERROR((IF($L22="",0,$L22)+IF($M22="",0,$M22))*(1+IF($I22="",Assumptions!$B$5,$I22)),"")) | O22: =IF($C22="","",IF($K22="","Check status",IF($J22="","Check responsibility",IF($K22="Excluded","Excluded",IF($K22="Needs Review","Check status review",IF($J22="Verify","Check responsibility",IF(OR(AND($D22="",$F22<>""),AND($D22<>"",$F22=""),AND($G22="",$H22<>""),AND($D22="",$F22="",$G22="")),"Check cost or labor",IF($I22>Assumptions!$B$7,"Check markup",IF($N22>Assumptions!$B$6,"Check line price","Entered")))))))))
A23: =IF($C23="","",ROW()-9) | L23: =IF($C23="","",IF(OR($D23="",$F23=""),"",IFERROR($D23*$F23,""))) | M23: =IF($C23="","",IF($G23="","",IFERROR($G23*IF($H23="",Assumptions!$B$4,$H23),""))) | N23: =IF(OR($C23="",$K23="",$K23="Excluded",AND($L23="",$M23="")),"",IFERROR((IF($L23="",0,$L23)+IF($M23="",0,$M23))*(1+IF($I23="",Assumptions!$B$5,$I23)),"")) | O23: =IF($C23="","",IF($K23="","Check status",IF($J23="","Check responsibility",IF($K23="Excluded","Excluded",IF($K23="Needs Review","Check status review",IF($J23="Verify","Check responsibility",IF(OR(AND($D23="",$F23<>""),AND($D23<>"",$F23=""),AND($G23="",$H23<>""),AND($D23="",$F23="",$G23="")),"Check cost or labor",IF($I23>Assumptions!$B$7,"Check markup",IF($N23>Assumptions!$B$6,"Check line price","Entered")))))))))
A24: =IF($C24="","",ROW()-9) | L24: =IF($C24="","",IF(OR($D24="",$F24=""),"",IFERROR($D24*$F24,""))) | M24: =IF($C24="","",IF($G24="","",IFERROR($G24*IF($H24="",Assumptions!$B$4,$H24),""))) | N24: =IF(OR($C24="",$K24="",$K24="Excluded",AND($L24="",$M24="")),"",IFERROR((IF($L24="",0,$L24)+IF($M24="",0,$M24))*(1+IF($I24="",Assumptions!$B$5,$I24)),"")) | O24: =IF($C24="","",IF($K24="","Check status",IF($J24="","Check responsibility",IF($K24="Excluded","Excluded",IF($K24="Needs Review","Check status review",IF($J24="Verify","Check responsibility",IF(OR(AND($D24="",$F24<>""),AND($D24<>"",$F24=""),AND($G24="",$H24<>""),AND($D24="",$F24="",$G24="")),"Check cost or labor",IF($I24>Assumptions!$B$7,"Check markup",IF($N24>Assumptions!$B$6,"Check line price","Entered")))))))))
A25: =IF($C25="","",ROW()-9) | L25: =IF($C25="","",IF(OR($D25="",$F25=""),"",IFERROR($D25*$F25,""))) | M25: =IF($C25="","",IF($G25="","",IFERROR($G25*IF($H25="",Assumptions!$B$4,$H25),""))) | N25: =IF(OR($C25="",$K25="",$K25="Excluded",AND($L25="",$M25="")),"",IFERROR((IF($L25="",0,$L25)+IF($M25="",0,$M25))*(1+IF($I25="",Assumptions!$B$5,$I25)),"")) | O25: =IF($C25="","",IF($K25="","Check status",IF($J25="","Check responsibility",IF($K25="Excluded","Excluded",IF($K25="Needs Review","Check status review",IF($J25="Verify","Check responsibility",IF(OR(AND($D25="",$F25<>""),AND($D25<>"",$F25=""),AND($G25="",$H25<>""),AND($D25="",$F25="",$G25="")),"Check cost or labor",IF($I25>Assumptions!$B$7,"Check markup",IF($N25>Assumptions!$B$6,"Check line price","Entered")))))))))
A26: =IF($C26="","",ROW()-9) | L26: =IF($C26="","",IF(OR($D26="",$F26=""),"",IFERROR($D26*$F26,""))) | M26: =IF($C26="","",IF($G26="","",IFERROR($G26*IF($H26="",Assumptions!$B$4,$H26),""))) | N26: =IF(OR($C26="",$K26="",$K26="Excluded",AND($L26="",$M26="")),"",IFERROR((IF($L26="",0,$L26)+IF($M26="",0,$M26))*(1+IF($I26="",Assumptions!$B$5,$I26)),"")) | O26: =IF($C26="","",IF($K26="","Check status",IF($J26="","Check responsibility",IF($K26="Excluded","Excluded",IF($K26="Needs Review","Check status review",IF($J26="Verify","Check responsibility",IF(OR(AND($D26="",$F26<>""),AND($D26<>"",$F26=""),AND($G26="",$H26<>""),AND($D26="",$F26="",$G26="")),"Check cost or labor",IF($I26>Assumptions!$B$7,"Check markup",IF($N26>Assumptions!$B$6,"Check line price","Entered")))))))))
A27: =IF($C27="","",ROW()-9) | L27: =IF($C27="","",IF(OR($D27="",$F27=""),"",IFERROR($D27*$F27,""))) | M27: =IF($C27="","",IF($G27="","",IFERROR($G27*IF($H27="",Assumptions!$B$4,$H27),""))) | N27: =IF(OR($C27="",$K27="",$K27="Excluded",AND($L27="",$M27="")),"",IFERROR((IF($L27="",0,$L27)+IF($M27="",0,$M27))*(1+IF($I27="",Assumptions!$B$5,$I27)),"")) | O27: =IF($C27="","",IF($K27="","Check status",IF($J27="","Check responsibility",IF($K27="Excluded","Excluded",IF($K27="Needs Review","Check status review",IF($J27="Verify","Check responsibility",IF(OR(AND($D27="",$F27<>""),AND($D27<>"",$F27=""),AND($G27="",$H27<>""),AND($D27="",$F27="",$G27="")),"Check cost or labor",IF($I27>Assumptions!$B$7,"Check markup",IF($N27>Assumptions!$B$6,"Check line price","Entered")))))))))
A28: =IF($C28="","",ROW()-9) | L28: =IF($C28="","",IF(OR($D28="",$F28=""),"",IFERROR($D28*$F28,""))) | M28: =IF($C28="","",IF($G28="","",IFERROR($G28*IF($H28="",Assumptions!$B$4,$H28),""))) | N28: =IF(OR($C28="",$K28="",$K28="Excluded",AND($L28="",$M28="")),"",IFERROR((IF($L28="",0,$L28)+IF($M28="",0,$M28))*(1+IF($I28="",Assumptions!$B$5,$I28)),"")) | O28: =IF($C28="","",IF($K28="","Check status",IF($J28="","Check responsibility",IF($K28="Excluded","Excluded",IF($K28="Needs Review","Check status review",IF($J28="Verify","Check responsibility",IF(OR(AND($D28="",$F28<>""),AND($D28<>"",$F28=""),AND($G28="",$H28<>""),AND($D28="",$F28="",$G28="")),"Check cost or labor",IF($I28>Assumptions!$B$7,"Check markup",IF($N28>Assumptions!$B$6,"Check line price","Entered")))))))))
A29: =IF($C29="","",ROW()-9) | L29: =IF($C29="","",IF(OR($D29="",$F29=""),"",IFERROR($D29*$F29,""))) | M29: =IF($C29="","",IF($G29="","",IFERROR($G29*IF($H29="",Assumptions!$B$4,$H29),""))) | N29: =IF(OR($C29="",$K29="",$K29="Excluded",AND($L29="",$M29="")),"",IFERROR((IF($L29="",0,$L29)+IF($M29="",0,$M29))*(1+IF($I29="",Assumptions!$B$5,$I29)),"")) | O29: =IF($C29="","",IF($K29="","Check status",IF($J29="","Check responsibility",IF($K29="Excluded","Excluded",IF($K29="Needs Review","Check status review",IF($J29="Verify","Check responsibility",IF(OR(AND($D29="",$F29<>""),AND($D29<>"",$F29=""),AND($G29="",$H29<>""),AND($D29="",$F29="",$G29="")),"Check cost or labor",IF($I29>Assumptions!$B$7,"Check markup",IF($N29>Assumptions!$B$6,"Check line price","Entered")))))))))
A30: =IF($C30="","",ROW()-9) | L30: =IF($C30="","",IF(OR($D30="",$F30=""),"",IFERROR($D30*$F30,""))) | M30: =IF($C30="","",IF($G30="","",IFERROR($G30*IF($H30="",Assumptions!$B$4,$H30),""))) | N30: =IF(OR($C30="",$K30="",$K30="Excluded",AND($L30="",$M30="")),"",IFERROR((IF($L30="",0,$L30)+IF($M30="",0,$M30))*(1+IF($I30="",Assumptions!$B$5,$I30)),"")) | O30: =IF($C30="","",IF($K30="","Check status",IF($J30="","Check responsibility",IF($K30="Excluded","Excluded",IF($K30="Needs Review","Check status review",IF($J30="Verify","Check responsibility",IF(OR(AND($D30="",$F30<>""),AND($D30<>"",$F30=""),AND($G30="",$H30<>""),AND($D30="",$F30="",$G30="")),"Check cost or labor",IF($I30>Assumptions!$B$7,"Check markup",IF($N30>Assumptions!$B$6,"Check line price","Entered")))))))))
A31: =IF($C31="","",ROW()-9) | L31: =IF($C31="","",IF(OR($D31="",$F31=""),"",IFERROR($D31*$F31,""))) | M31: =IF($C31="","",IF($G31="","",IFERROR($G31*IF($H31="",Assumptions!$B$4,$H31),""))) | N31: =IF(OR($C31="",$K31="",$K31="Excluded",AND($L31="",$M31="")),"",IFERROR((IF($L31="",0,$L31)+IF($M31="",0,$M31))*(1+IF($I31="",Assumptions!$B$5,$I31)),"")) | O31: =IF($C31="","",IF($K31="","Check status",IF($J31="","Check responsibility",IF($K31="Excluded","Excluded",IF($K31="Needs Review","Check status review",IF($J31="Verify","Check responsibility",IF(OR(AND($D31="",$F31<>""),AND($D31<>"",$F31=""),AND($G31="",$H31<>""),AND($D31="",$F31="",$G31="")),"Check cost or labor",IF($I31>Assumptions!$B$7,"Check markup",IF($N31>Assumptions!$B$6,"Check line price","Entered")))))))))
A32: =IF($C32="","",ROW()-9) | L32: =IF($C32="","",IF(OR($D32="",$F32=""),"",IFERROR($D32*$F32,""))) | M32: =IF($C32="","",IF($G32="","",IFERROR($G32*IF($H32="",Assumptions!$B$4,$H32),""))) | N32: =IF(OR($C32="",$K32="",$K32="Excluded",AND($L32="",$M32="")),"",IFERROR((IF($L32="",0,$L32)+IF($M32="",0,$M32))*(1+IF($I32="",Assumptions!$B$5,$I32)),"")) | O32: =IF($C32="","",IF($K32="","Check status",IF($J32="","Check responsibility",IF($K32="Excluded","Excluded",IF($K32="Needs Review","Check status review",IF($J32="Verify","Check responsibility",IF(OR(AND($D32="",$F32<>""),AND($D32<>"",$F32=""),AND($G32="",$H32<>""),AND($D32="",$F32="",$G32="")),"Check cost or labor",IF($I32>Assumptions!$B$7,"Check markup",IF($N32>Assumptions!$B$6,"Check line price","Entered")))))))))
A33: =IF($C33="","",ROW()-9) | L33: =IF($C33="","",IF(OR($D33="",$F33=""),"",IFERROR($D33*$F33,""))) | M33: =IF($C33="","",IF($G33="","",IFERROR($G33*IF($H33="",Assumptions!$B$4,$H33),""))) | N33: =IF(OR($C33="",$K33="",$K33="Excluded",AND($L33="",$M33="")),"",IFERROR((IF($L33="",0,$L33)+IF($M33="",0,$M33))*(1+IF($I33="",Assumptions!$B$5,$I33)),"")) | O33: =IF($C33="","",IF($K33="","Check status",IF($J33="","Check responsibility",IF($K33="Excluded","Excluded",IF($K33="Needs Review","Check status review",IF($J33="Verify","Check responsibility",IF(OR(AND($D33="",$F33<>""),AND($D33<>"",$F33=""),AND($G33="",$H33<>""),AND($D33="",$F33="",$G33="")),"Check cost or labor",IF($I33>Assumptions!$B$7,"Check markup",IF($N33>Assumptions!$B$6,"Check line price","Entered")))))))))
... A129: =IF($C129="","",ROW()-9) | L129: =IF($C129="","",IF(OR($D129="",$F129=""),"",IFERROR($D129*$F129,""))) | M129: =IF($C129="","",IF($G129="","",IFERROR($G129*IF($H129="",Assumptions!$B$4,$H129),""))) | N129: =IF(OR($C129="",$K129="",$K129="Excluded",AND($L129="",$M129="")),"",IFERROR((IF($L129="",0,$L129)+IF($M129="",0,$M129))*(1+IF($I129="",Assumptions!$B$5,$I129)),"")) | O129: =IF($C129="","",IF($K129="","Check status",IF($J129="","Check responsibility",IF($K129="Excluded","Excluded",IF($K129="Needs Review","Check status review",IF($J129="Verify","Check responsibility",IF(OR(AND($D129="",$F129<>""),AND($D129<>"",$F129=""),AND($G129="",$H129<>""),AND($D129="",$F129="",$G129="")),"Check cost or labor",IF($I129>Assumptions!$B$7,"Check markup",IF($N129>Assumptions!$B$6,"Check line price","Entered")))))))))

Sheet Assumptions
A1: Editable Estimate Assumptions and Stable Choices
A2: Edit orange values and choices. | D2: Planning defaults only. Field conditions, equipment selection, permits, engineering, taxes, contracts, and other requirements must be reviewed separately.
A3: Setting | B3: Value | C3: Units | D3: Use | F3: Category | G3: Unit | H3: Responsibility | I3: Status
A4: Standard labor rate | B4: 115 | C4: $ per labor hour | D4: Used when a line labor rate is blank | F4: Equipment | G4: each | H4: Contractor | I4: Included
A5: Default markup | B5: 0.2 | C5: percent | D5: Used when a line markup is blank | F5: Crane | G5: lot | H5: Customer | I5: Optional
A6: Line price review level | B6: 50000 | C6: US dollars | D6: Prompts a human check for a high line price | F6: Curb | G6: day | H6: Allowance | I6: Excluded
A7: Maximum planned markup | B7: 0.35 | C7: percent | D7: Upper data-entry limit for line markup | F7: Controls | G7: hour | H7: Verify | I7: Needs Review
A8: Maximum quantity per line | B8: 100 | C8: units | D8: Upper data-entry limit for quantity | F8: Labor | G8: trip
A9: Maximum labor hours per line | B9: 200 | C9: labor hours | D9: Upper data-entry limit for labor hours | F9: Disposal | G9: allowance
A10: Maximum unit cost | B10: 100000 | C10: US dollars | D10: Upper data-entry limit for unit cost | F10: Electrical | G10: foot
A11: Earliest estimate date | B11: 45292 | C11: date | D11: Beginning of the editable date range | F11: Roofing
A12: Latest estimate date | B12: 48213 | C12: date | D12: End of the editable date range | F12: Freight
A13: Maximum labor rate | B13: 500 | C13: $ per labor hour | D13: Upper data-entry limit for line labor rate | F13: Other
